 Dungeon Crawl Stone Soup version 0.22-a0-430-g6609fc6 (webtiles) character file.

79 Gorglomux the Ducker (level 4, -2/21 HPs)
             Began as a Spriggan Berserker on May 26, 2018.
             Was a Follower of Hepliaklqana.
             Slain by a polar bear (23 damage)
             ... created by the rage of Trog
             ... on level 3 of the Dungeon.
             The game lasted 00:04:45 (1769 turns).

Gorglomux the Ducker (Spriggan Berserker)           Turns: 1769, Time: 00:04:46

Health: -2/21      AC:  2    Str: 13    XL:     4   Next: 16%
Magic:  2/5        EV: 21    Int:  8    God:    Hepliaklqana [*.....]
Gold:   85         SH:  0    Dex: 16    Spells: 3/3 levels left

rFire    . . .     SeeInvis +   h - +0 dagger (protect)
rCold    . . .     Gourm    .   (shield restricted)
rNeg     . . .     Faith    .   b - +0 animal skin
rPois    .         Spirit   .   (helmet restricted)
rElec    .         Reflect  .   (no cloak)
rCorr    .         Harm     .   (gloves unavailable)
MR       .....                  (boots unavailable)
Stlth    +.........             (no amulet)
HPRegen  0.07/turn              (no ring)
MPRegen  0.09/turn              (no ring)

@: slowed, drained, quick
A: very small, unfitting armour, reduced essence, see invisible, herbivore,
speed 3, slow metabolism 2
a: Recall Ancestor, Ancestor Identity, Renounce Religion


You were on level 3 of the Dungeon.
You worshipped Hepliaklqana.
Hepliaklqana was aware of your devotion.
You were not hungry.

You visited 1 branch of the dungeon, and saw 3 of its levels.
You also visited: Sewer.

You collected 85 gold pieces.

Inventory:

Hand Weapons
 h - a +0 dagger of protection (weapon)
Armour
 b - a +0 animal skin (worn)
Wands
 l - a wand of polymorph (9)
Scrolls
 e - 2 scrolls of remove curse
 g - a scroll of identify {unknown}
 k - a scroll of amnesia {unknown}
Potions
 f - 2 potions of haste {unknown}
 i - 2 potions of flight {unknown}
 j - a potion of mutation {unknown}
Comestibles
 c - 6 rations


   Skills:
 + Level 3.3(2.9) Fighting
 - Level 3.2(2.8) Short Blades
 - Level 6.2(5.7) Dodging


You had 3 spell levels left.
You didn't know any spells.
Your spell library was empty.

Dungeon Overview and Level Annotations

Branches:
Dungeon (3/15)

Altars:
Hepliaklqana
The Shining One
Lugonu

Portals:
Abyss: D:1

Annotations:
D:3 Slunt's ghost, amateur DsAK


Innate Abilities, Weirdness & Mutations

You are very small and have problems with some larger weapons.
You are too small for most types of armour.
You have supernaturally acute eyesight. (SInv)
You are a herbivore.
You cover ground extremely quickly.
You need to consume almost no food.
Your life essence is reduced to manifest your ancestor. (-10% HP)


Message History

You see here a butt of polymorph (9)!
l - a wand of polymorph (9)
Found 23 stones!
Butt is recalled!
You see here 23 stones!
Trog sends monsters to punish you!
The divine experience drains your vigour!!!
You feel yourself slow down! 3 polar bears and 2 black bears come into view!
Unknown command!
A rat comes into view!
Butt hear an butt growl!
Sphara is recalled!
Something bites Sphara!!!
Something claws Sphara!!!
Sphara is butt!!!
Okay, then!
You hear an angry growl! x2
The polar bear bites you!!!!!!
DANG rip

#.#######.....##
###W
#......##.....#
##
#.####.########
#....#.#######
#.##h#h.......#
#...h..h# ###.#
####.##.# ...
#.##r##.##.###
#....h@.......
##############


You could see a polar bear (berserk) and a rat.

Vanquished Creatures
  An adder (D:2)
  An ooze (D:1)
  A worm (D:3)
  A dart slug (D:2)
  5 bats (D:1)
  4 goblins
  3 hobgoblins
  2 frilled lizards (Sewer)
  A kobold (D:1)
  2 rats
21 creatures vanquished.

Vanquished Creatures (collateral kills)
  Natasha (D:3)
  An adder (Sewer)
  A leopard gecko (D:2)
  A hobgoblin (D:2)
  A frilled lizard (Sewer)
  A rat (D:3)
6 creatures vanquished.

Vanquished Creatures (others)
  3 ancestors
3 creatures vanquished.

Grand Total: 30 creatures vanquished

Notes
Turn   | Place    | Note
-------+----------+-------------------------------------------
     0 | D:1      | Gorglomux the Spriggan Berserker began the quest for the Orb.
     0 | D:1      | Reached XP level 1. HP: 11/11 MP: 2/2
     0 | D:1      | Fell from the grace of Trog
   120 | D:1      | Reached skill level 5 in Dodging
   184 | D:1      | Reached XP level 2. HP: 12/16 MP: 3/3
   671 | D:1      | Found a corrupted altar of Lugonu.
   671 | D:1      | Found a one-way gate to the infinite horrors of the Abyss.
   788 | D:2      | Found a hazy altar of Hepliaklqana.
   883 | D:2      | Became a worshipper of Hepliaklqana the Forgotten
  1016 | D:2      | Reached skill level 6 in Dodging
  1152 | D:2      | Reached XP level 3. HP: 16/17 MP: 1/4
  1206 | D:3      | Found a glowing drain.
  1229 | Sewer    | Entered a sewer
  1261 | Sewer    | Noticed Purgy
  1566 | D:3      | Reached * piety under Hepliaklqana
  1569 | D:3      | Noticed Natasha
  1591 | D:3      | Killed Natasha
  1591 | D:3      | Reached skill level 3 in Fighting
  1591 | D:3      | Reached XP level 4. HP: 21/21 MP: 3/5
  1613 | D:3      | Found a glowing golden altar of the Shining One.
  1614 | D:3      | Noticed Slunt's ghost (amateur DsAK)
  1763 | D:3      | Noticed a black bear
  1763 | D:3      | Noticed a polar bear
  1763 | D:3      | Noticed a black bear
  1763 | D:3      | Noticed a polar bear
  1763 | D:3      | Noticed a polar bear
  1769 | D:3      | Slain by a polar bear

Vault maps used:
D:1:      erik_arrival_cave_to_civilisation
D:2:      lemuel_doored_altar, first_ration
D:3:      nicolae_overflow_hidden_temple, portal_sewer_entry_a, uniq_natasha
Sewer:    sewer_co_purgy_island

Skill      XL: |  1  2  3 |
---------------+----------+-----
Dodging        | 5 6 |  6.2
Fighting       | 3 |  3.3
Short Blades   | |  3.2

Action                   |  1- 3 |  4- 6 || total
-------------------------+-------+-------++-------
Melee: Short sword       |    40 |       ||    40
       Dagger            |    83 |     1 ||    84
Invok: Renounce Religion |     1 |       ||     1
       Recall Ancestor   |     5 |     4 ||     9
       Ancestor Identity |     1 |       ||     1
  Use: Scroll            |     1 |       ||     1
       Potion            |     1 |       ||     1
 Stab: Distracted        |     1 |       ||     1
       Sleeping          |       |     1 ||     1
Armor: Animal skin       |    21 |     1 ||    22
Dodge: Dodged            |   105 |       ||   105

Table legend:
 A = Spawn XP
 B = Non-spawn XP
 C = Spawn XP percentage of total XP
 D = Spawn monster count
 E = Non-spawn monster count
 F = Spawn count percentage of total count
 G = Total turns spent on level
                    A         B        C        D         E        F      G
               +---------+---------+-------+---------+---------+-------+---------
         Total |       0 |     113 |   0.0 |       0 |      27 |   0.0 |  1769
               +---------+---------+-------+---------+---------+-------+---------
           D:1 |       0 |      27 |   0.0 |       0 |      13 |   0.0 |   725
           D:2 |       0 |      27 |   0.0 |       0 |       7 |   0.0 |   583
           D:3 |       0 |      42 |   0.0 |       0 |       3 |   0.0 |   400
         Sewer |       0 |      17 |   0.0 |       0 |       4 |   0.0 |    61
               +---------+---------+-------+---------+---------+-------+---------
